 Dungeon Crawl Stone Soup version bcrawl-1.21.3 (webtiles) character file.

Game seed: 6082086646344849611

4337 MisterOstroum the Changer (level 10, -10/103 HPs)
             Began as a Yellow Draconian Transmuter on Mar 25, 2020.
             Was a Priest of Cheibriados.
             Mangled by a yak (15 damage)
             ... on level 7 of the Dungeon.
             The game lasted 00:16:06 (9338 turns).

MisterOstroum the Changer (DrTm)                    Turns: 9338, Time: 00:16:07

Health: -10/103    AC:  7    Str: 24    XL:     10   Next: 12%
Magic:  13/13      EV: 13    Int: 22    God:    Cheibriados [***...]
Gold:   569        SH:  0    Dex: 19    Spells: 3/13 levels left

rFire    x . .     SeeInvis .     - Unarmed
rCold    + + +     Gourm    .   (shield currently unavailable)
rNeg     + . .     Faith    .   (armour unavailable)
rPois    +         Spirit   .   (helmet currently unavailable)
rElec    +         Reflect  .   (cloak currently unavailable)
rCorr    .         Harm     .   (gloves currently unavailable)
MR       ++...                  (boots currently unavailable)
Stlth    +++.......             (no amulet)
HPRegen  0.27/turn              m - ring of insulation
MPRegen  0.13/turn              F - ring of positive energy

@: ice-form, very slow
A: large, (spit acid), (acid resistance), unfitting armour, AC +7
a: End Transformation, Bend Time, Temporal Distortion, Renounce Religion


You were on level 7 of the Dungeon.
You worshipped Cheibriados.
Cheibriados was most pleased with you.
You were not hungry.
You were a creature of crystalline ice.
You visited 2 branches of the dungeon, and saw 8 of its levels.
You also visited: Sewer.

You collected 599 gold pieces.
You spent 30 gold pieces at shops.

Inventory:

Hand Weapons
 a - a +3 blowgun
Missiles
 g - 115 javelins
 i - 483 bolts
 j - 22 curare-tipped needles
 p - 713 arrows
 q - 1600 stones (quivered)
 v - 221 sling bullets
 z - 103 poisoned needles
 L - 86 tomahawks
Armour
 r - a +0 pair of boots (melded)
 s - a +0 pair of gloves (melded)
 C - a +0 medium shield
Jewellery
 m - a ring of insulation (left front paw)
 F - a ring of positive energy (right front paw)
Scrolls
 b - 2 scrolls of amnesia {unknown}
 c - 10 scrolls of teleportation {@r3 !r}
 d - a scroll of enchant weapon {unknown}
 l - 2 scrolls of enchant armour {unknown}
 o - a scroll of immolation {unknown}
 u - 3 scrolls of blinking {unknown}
 x - 4 scrolls of fog {unknown}
 y - 6 scrolls of remove curse {@r2}
 D - 3 scrolls of identify
 G - a scroll of fear {unknown}
Potions
 f - 3 potions of mutation {unknown}
 h - 3 potions of agility {@q5 !q}
 k - a potion of flight {unknown}
 n - 4 potions of haste {@q4 !q}
 t - a potion of resistance {unknown}
 w - 3 potions of heal wounds {@q2 !q}
 A - a potion of brilliance {unknown}
 B - 3 potions of curing {@q1 !q}
 E - 4 potions of degeneration {unknown}
 H - a potion of magic {unknown}
 J - a potion of might {unknown}
 K - a potion of lignification {@q6}
Comestibles
 e - 12 rations {!d}
 I - 9 chunks of flesh


   Skills:
 + Level 7.2 Fighting
 + Level 4.9 Dodging
 * Level 3.2 Stealth
 + Level 7.2 Unarmed Combat
 + Level 2.4 Spellcasting
 + Level 7.2 Transmutations
 - Level 4.6 Ice Magic
 - Level 3.5 Poison Magic
 * Level 2.2 Invocations


You had 3 spell levels left.
You knew the following spells:

 Your Spells              Type           Power        Failure   Level  Hunger
a - Beastly Appendage     Tmut           ####..       1%          1    None
b - Sticks to Snakes      Tmut           ####....     1%          2    ##.....
c - Spider Form           Tmut/Pois      ###          4%          3    ###....
d - Ice Form              Ice/Tmut       ####....     12%         4    ####...

Your spell library contained the following spells:

 Spells                   Type           Power        Failure   Level  Hunger
 Blade Hands              Tmut           ####......   19%         5    ######.


Dungeon Overview and Level Annotations

Branches:
Dungeon (7/12)             Temple (1/1) D:5
   Lair: D:7-9

Altars:
Cheibriados
Elyvilon
Fedhas
Lugonu
Makhleb
Nemelex Xobeh
Okawaru
Sif Muna
Uskayaw
Vehumet
Yredelemnul

Shops:
D:4 ?   D:6 [

Annotations:
D:7 exclusion: door


Innate Abilities, Weirdness & Mutations

((You can spit globs of acid.))
((You are resistant to acid.))
((Your golden yellow scales are hard. (AC +7)))
You cannot fit into any form of body armour.
((You are cold-blooded and may be slowed by cold attacks.))


Message History

You hit the orc. You freeze the orc.
You kill the orc!
Cheibriados appreciates the change of pace.
You hear a bellow!
A crocodile comes into view.
You punch the orc wizard! You freeze the orc wizard.
You kill the orc wizard!
Cheibriados appreciates the change of pace.
Your Stealth skill increases to level 3!
The orc wizard casts a spell.
The orc wizard seems to speed up.
You are struck by the porcupine's spines.
You pummel the porcupine!! You freeze the porcupine.
You kill the porcupine!
Cheibriados appreciates the change of pace.
The orc wizard hits you but does no damage.
You punch the yak! You freeze the yak.
The yak is moderately wounded.
The orc wizard hits you but does no damage.
The crocodile puts on a burst of speed!
You punch the yak! You freeze the yak.
The yak is severely wounded.
The orc wizard completely misses you. The yak gores you.
A yak comes into view.
The orc wizard hits you with a +0 dagger.
The quokka misses you. The yak gores you!
You hit the yak. You freeze the yak.
The yak is severely wounded.
The quokka closely misses you. The yak gores you.
The crocodile bites something but does no damage.
You hit the yak but do no damage.
The yak is severely wounded.
The quokka bites you but does no damage.
The yak barely misses you.
The crocodile bites something.
You punch the yak! You freeze the yak.
You kill the yak!
Cheibriados appreciates the change of pace.
Your Invocations skill increases to level 2!
The quokka barely misses you.
The quokka bites you but does no damage.
You hit the quokka. You freeze the quokka.
You kill the quokka!
Cheibriados thoroughly appreciates the change of pace.
The crocodile barely misses you.
You punch the crocodile! You freeze the crocodile.
The crocodile is moderately wounded.
The orc wizard mumbles some strange words.
The orc wizard blinks!
You hit the crocodile.
The crocodile seems to slow down.
You freeze the crocodile.
The crocodile is heavily wounded.
The crocodile bites you!
You are too injured to fight recklessly!
You are too injured to fight recklessly!
You are too injured to fight recklessly!
You are too injured to fight recklessly!
You hit the crocodile.
The crocodile seems to slow down.
You freeze the crocodile.
The crocodile is severely wounded.
A yak comes into view.
The crocodile barely misses you.
The yak bellows!
You hit the crocodile. You freeze the crocodile.
The crocodile is almost dead.
A yak comes into view.
The yak bellows!
You hit the crocodile. You freeze the crocodile.
The crocodile is almost dead.
The crocodile bites you!
You barely miss the crocodile.
The crocodile is almost dead.
A yak comes into view.
The crocodile closely misses you.
You punch the crocodile!
The crocodile seems to slow down.
You freeze the crocodile.
You kill the crocodile!
Cheibriados appreciates the change of pace.
The orc wizard casts a spell at you. The magic dart hits you.
A yak comes into view.
You punch the yak! You freeze the yak.
The yak is moderately wounded.
The yak misses you.
You hit the yak but do no damage.
The yak is moderately wounded.
The yak gores you.
You punch the yak! You freeze the yak.
The yak is severely wounded.
Unknown command.
Unknown command.
The orc wizard points at you and mumbles some strange words.
The magic dart hits you. The yak misses you. The yak gores you!
* * * LOW HITPOINT WARNING * * *
The yak gores you!
* * * LOW HITPOINT WARNING * * *
The orc wizard mumbles some strange words.
The orc wizard blinks!
The yak gores you!
* * * LOW HITPOINT WARNING * * *
The yak gores you!
You die...

.........P......
...............♣..
..................
.P.....♣.........
................#.#
#..YP.....#...#.# #
#YYY.§..##...#.# . .>
#Y#.)..##...#.#.## ...
#Y.#......#...#...
#...#.................
##.#.#.................
#..#....#####..#.....##
.........#.###..#.#.#
#.....#.##..##.#.#.#
#.....).#...##.#...+
#....†...##.##...#


You could see 5 yaks.

Vanquished Creatures
  Pikel (D:4)
  A slime creature (D:7)
  Sigmund (D:2)
  A vampire mosquito (D:7)
  A yak (D:7)
  A crocodile (D:7)
  3 orc warriors
  3 slaves (D:4)
  3 porcupines (D:7)
  4 ice beasts
  2 phantoms
  3 ogres
  2 centaurs
  A bullfrog (D:7)
  3 big kobolds (Sewer)
  Blork the orc (D:5)
  5 scorpions
  5 crimson imps
  A howler monkey (D:7)
  A quasit (D:6)
  3 hounds
  A bullfrog skeleton (D:5)
  5 orc wizards
  2 iguanas
  3 worker ants
  A hound zombie (D:5)
  2 worker ant zombies
  Robin (D:2)
  7 gnolls
  12 adders
  7 oozes
  2 adder zombies
  7 worms
  2 dart slugs
  4 leopard geckos
  19 orcs
  5 giant cockroaches
  11 hobgoblins
  13 jackals
  13 kobolds
  4 quokkas
  10 ball pythons
  4 bats
  A frilled lizard (D:2)
  14 goblins
  A quokka zombie (D:5)
  7 rats
  A spectral orc (D:6)
205 creatures vanquished.

Vanquished Creatures (collateral kills)
  An adder (D:3)
  A goblin (D:3)
2 creatures vanquished.

Vanquished Creatures (others)
  A bush (D:7)
  3 fungi (D:7)
  23 plants (D:7)
27 creatures vanquished.

Grand Total: 234 creatures vanquished

Notes
Turn   | Place    | Note
-------+----------+-------------------------------------------
     0 | D:1      | MisterOstroum the Draconian Transmuter began the quest for
                  | the Orb.
     0 | D:1      | Reached XP level 1. HP: 16/16 MP: 3/3
   300 | D:1      | Reached XP level 2. HP: 18/23 MP: 3/5
   332 | D:1      | HP: 1/23 [jackal (1)]
   714 | D:1      | Learned a level 2 spell: Sticks to Snakes
  1308 | D:1      | Reached XP level 3. HP: 29/29 MP: 4/6
  1699 | D:2      | Noticed Robin
  1737 | D:3      | Learned a level 3 spell: Spider Form
  1837 | D:2      | Killed Robin
  1837 | D:2      | Reached XP level 4. HP: 29/36 MP: 4/7
  1838 | D:2      | Noticed Sigmund
  1849 | D:2      | Killed Sigmund
  1849 | D:2      | Reached XP level 5. HP: 25/44 MP: 2/8
  2259 | D:2      | Reached XP level 6. HP: 46/51 MP: 5/9
  2464 | D:2      | Found a corrupted altar of Lugonu.
  3883 | D:4      | Noticed a slave
  3883 | D:4      | Noticed a slave
  3883 | D:4      | Noticed a slave
  3884 | D:4      | Noticed Pikel
  3906 | D:4      | Killed a slave
  3914 | D:4      | Killed a slave
  3927 | D:4      | Killed a slave
  4198 | D:4      | Reached skill level 5 in Transmutations
  4198 | D:4      | Your scales start taking on a golden yellow colour.
  4198 | D:4      | Reached XP level 7. HP: 32/57 MP: 6/10
  4401 | D:4      | Killed Pikel
  4401 | D:4      | Reached skill level 5 in Fighting
  4401 | D:4      | Reached skill level 5 in Unarmed Combat
  4401 | D:4      | Reached XP level 8. HP: 36/68 MP: 7/11
  4627 | D:4      | Found Utom's Magic Scroll Emporium.
  4635 | D:4      | Bought a scroll of remove curse for 30 gold pieces
  5009 | D:5      | Entered Level 5 of the Dungeon
  5472 | D:5      | Found a staircase to the Ecumenical Temple.
  5478 | Temple   | Entered the Ecumenical Temple
  5537 | Temple   | Became a worshipper of Cheibriados the Contemplative
  5807 | D:5      | Learned a level 4 spell: Ice Form
  5817 | D:5      | Found a sparkling altar of Nemelex Xobeh.
  6051 | D:5      | Reached skill level 1 in Ice Magic
  6488 | D:5      | Noticed Blork the orc
  6503 | D:5      | Killed Blork the orc
  6992 | D:6      | Reached * piety under Cheibriados
  7057 | D:6      | Reached XP level 9. HP: 61/78 MP: 10/12
  7062 | D:6      | Found a glowing drain.
  7117 | Sewer    | Entered a sewer
  7493 | Sewer    | Reached ** piety under Cheibriados
  7834 | D:6      | Found Ducvocze's Armour Emporium.
  8103 | D:6      | Found a basalt altar of Yredelemnul.
  8696 | D:7      | Reached skill level 1 in Stealth
  8857 | D:7      | Noticed a purple ugly thing
  8930 | D:7      | Reached *** piety under Cheibriados
  9205 | D:7      | Reached skill level 1 in Invocations
  9314 | D:7      | Reached XP level 10. HP: 86/86 MP: 13/13
  9338 | D:7      | HP: 5/103 [yak (12)]
  9338 | D:7      | Mangled by a yak

Skill      XL: |  1  2  3  4  5  6  7  8  9 10 |
---------------+-------------------------------+-----
Transmutations | 3 4 5 6 7 |  7.2
Fighting       | 2 3 5 6 7 |  7.2
Poison Magic   | 2 3 |  3.5
Unarmed Combat | 4 5 6 7 |  7.2
Dodging        | 2 3 4 |  4.9
Ice Magic      | 1 4 |  4.6
Stealth        | 2 3 |  3.2
Invocations    | 1 2 |  2.2
Spellcasting   | |  2.4

Action                   |  1- 3 |  4- 6 |  7- 9 | 10-12 || total
-------------------------+-------+-------+-------+-------++-------
Melee: Unarmed           |   134 |   218 |   344 |    19 ||   715
       Kick              |    10 |       |       |       ||    10
       Headbutt          |     5 |     6 |       |       ||    11
       Tailslap          |    11 |     9 |     1 |       ||    21
 Fire: Blowgun           |       |     9 |       |       ||     9
Throw: Stone             |     8 |       |     3 |       ||    11
 Cast: Beastly Appendage |    17 |    11 |     3 |       ||    31
       Sticks to Snakes  |     2 |     8 |    11 |       ||    21
       Spider Form       |     1 |    14 |    10 |       ||    25
       Ice Form          |       |       |     1 |       ||     1
Invok: Bend Time         |       |       |     1 |       ||     1
 Abil: Breathe Acid      |       |       |     6 |       ||     6
       End Transformatio |       |       |     4 |       ||     4
  Use: Potion            |     1 |       |       |       ||     1
       Scroll            |       |     4 |       |       ||     4
 Stab: Distracted        |       |       |     1 |       ||     1
       Sleeping          |       |       |     1 |       ||     1
  Eat: Chunk             |     4 |     9 |    15 |       ||    28
       Ration            |       |       |     1 |       ||     1
Armor: Skin              |    72 |    45 |    29 |     3 ||   149
Dodge: Dodged            |   110 |   151 |   266 |    10 ||   537
